 Dungeon Crawl Stone Soup version 0.20-a0-1018-ge435b50 (webtiles) character file.

526571 Rrauwl the Barachian Blade (level 25, -2/199 HPs)
             Began as a Barachi Berserker on Apr 16, 2017.
             Was a High Priest of Trog.
             Killed by divine providence
             ... invoked by a mad acolyte of Lugonu
              (13 damage)
             ... on level 3 of the Abyss on Apr 17, 2017.
             The game lasted 07:04:33 (51427 turns).

Rrauwl the Barachian Blade (Barachi Berserker)     Turns: 51427, Time: 07:04:34

Health: -2/199     AC: 33    Str: 26    XL:     25   Next: 48%
Magic:  34/35      EV: 23    Int: 12    God:    Trog [*****.]
Gold:   1754       SH: 28    Dex: 20    Spells: 24/24 levels left

rFire    . . .     SeeInvis +   d - +10 zealot's sword {holy, *Rage rN+ EV+3}
rCold    + + .     Gourm    .   X - +6 large shield {reflect}
rNeg     + . .     Faith    .   M - +10 chain mail "Eprisa" {rElec Dex+3}
rPois    +         Spirit   .   q - +2 hat of Geumecs {rPois Int+4}
rElec    +         Reflect  +   C - +2 cloak
rCorr    .         Harm     .   o - +2 pair of gloves
MR       +++..     Rnd*Rage +   K - +0 pair of boots of the Shining One's Whim {+Fly Dex+2}
Stlth    ..........             I - amulet "Punutec" {Regen+ Dex+5 Stlth+}
Regen    1.9/turn               f - +3 ring of slaying
MPRegen  0.3/turn               V - ring of see invisible

@: exhausted, mesmerised, regenerating, hasted and slowed, slow
A: +LOS, swims, claws 1, rugged brown scales 1, clumsy 2, cold resistance 2,
deformed body, [dopey 1], frail 1, [screaming 2], slowness 1, subdued magic 1,
strong legs 2
}: 3/15 runes: decaying, serpentine, silver
a: Hop, Berserk, Trog's Hand, Brothers in Arms, Burn Spellbooks, Renounce
Religion, Evoke Flight


You were on level 3 of the Abyss.
You worshipped Trog.
Trog was extremely pleased with you.
You were very hungry.

You visited 8 branches of the dungeon, and saw 38 of its levels.
You visited the Abyss 3 times.
You visited 1 bazaar.
You also visited: Ice Cave.

You collected 4824 gold pieces.
You spent 3070 gold pieces at shops.

Inventory:

Hand Weapons
 a - a +9 long sword of electrocution
 b - the +8 hunting sling of Outrage {freeze, Int+5 Dex-5}
   (Trog gifted it to you on level 3 of the Vaults)

   It causes projectiles fired from it to freeze those they strike, causing
   extra injury to most foes and up to half again as much damage against
   particularly susceptible opponents.
   They can also slow down cold-blooded creatures.
   It affects your intelligence (+5).
   It affects your dexterity (-5).
 c - a +2 long sword of flaming
 d - the +10 zealot's sword (weapon) {holy, *Rage rN+ EV+3}
   (Trog gifted it to you on level 5 of the Lair of Beasts)

   It has been blessed by the Shining One to cause great damage to the undead
   and demons.
   It affects your evasion (+3).
   It protects you from negative energy.
   It may make you go berserk in combat.
 S - a +4 eudemon blade of holy wrath
 U - a +6 long sword of venom
Missiles
 Y - 488 sling bullets
Armour
 o - a +2 pair of gloves (worn)
 q - the +2 hat of Geumecs (worn) {rPois Int+4}
   (You acquired it on level 4 of the Snake Pit)

   It affects your intelligence (+4).
   It protects you from poison.
 C - a +2 cloak (worn)
 K - the +0 pair of boots of the Shining One's Whim (worn) {+Fly Dex+2}
   (You bought it in a shop in a bazaar)

   It affects your dexterity (+2).
   It lets you fly.
 M - the +10 chain mail "Eprisa" (worn) {rElec Dex+3}
   (You found it on level 5 of the Vaults)

   It affects your dexterity (+3).
   It insulates you from electricity.
 T - the cursed +0 large shield "Reff" {rPois rF++ rC+ Str-5}
   (You took it off a daeva on level 3 of the Abyss)

   It affects your strength (-5).
   It greatly protects you from fire.
   It protects you from cold.
   It protects you from poison.
   It has a curse placed upon it.
 X - a +6 large shield of reflection (worn)
Jewellery
 f - a +3 ring of slaying (left hand)
 n - an uncursed ring of flight
 I - the amulet "Punutec" (around neck) {Regen+ Dex+5 Stlth+}
   (You bought it in a shop on level 4 of the Snake Pit)

   [amulet of regeneration]

   It affects your dexterity (+5).
   It increases your rate of regeneration.
   It makes you more stealthy.
 V - a ring of see invisible (right hand)
Wands
 k - a wand of clouds (4/9)
 l - a wand of disintegration (12/24)
 v - a wand of confusion (29/48)
 x - a wand of enslavement (10/24)
 B - a wand of scattershot (4/9)
 E - a wand of lightning (10/15)
 G - a wand of polymorph (20/24)
 O - a wand of acid (4/15)
 P - a wand of polymorph (10/24)
 R - a wand of confusion (15/48)
Scrolls
 j - 5 scrolls of blinking
 s - a scroll of magic mapping
 t - 8 scrolls of teleportation
 z - 15 scrolls of remove curse
 F - 4 scrolls of identify
 J - a scroll of holy word
 Q - 11 scrolls of fear
 Z - 3 scrolls of silence
Potions
 i - 9 potions of curing
 p - 2 potions of invisibility
 u - 7 potions of might
 w - 3 potions of resistance
 H - a potion of cancellation
 W - 3 potions of agility
Miscellaneous
 g - a phantom mirror
 m - a sack of spiders
 r - a lamp of fire (inert)
 y - a lightning rod (4/4)
 A - a box of beasts
 D - a phial of floods
Comestibles
 h - 12 bread rations
 N - 6 chunks of flesh


   Skills:
 - Level 21.0 Fighting
 + Level 24.0 Long Blades
 - Level 15.0 Slings
 - Level 20.0 Armour
 - Level 17.0 Dodging
 - Level 16.0 Shields
 - Level 16.0 Evocations


You had 24 spell levels left.
You didn't know any spells.

Dungeon Overview and Level Annotations

Branches:
Dungeon (15/15)            Temple (1/1) D:7            Lair (6/6) D:9
  Swamp (4/4) Lair:2        Snake (4/4) Lair:3        Slime (0/5) Lair:5
    Orc (2/2) D:11            Elf (0/3) Orc:2        Vaults (5/5) D:14
  Crypt (0/3) Vaults:2     Depths (1/5) D:15

Altars:
Ashenzari
Cheibriados
Dithmenos
Elyvilon
Fedhas
Gozag
Hepliaklqana
Kikubaaqudgha
Makhleb
Nemelex Xobeh
Okawaru
Qazlal
Ru
Sif Muna
Trog
Uskayaw
Vehumet
Wu Jian
Xom
Yredelemnul
Zin
The Shining One
Jiyva

Shops:
D:10 *   D:14 %   Orc:2 *(*[%   Snake:2 [   Snake:4 }}=   Vaults:1 !
Vaults:5 ?   Depths:1 (

Portals:
Hell: Depths:1
Abyss: Depths:1


Innate Abilities, Weirdness & Mutations

Shadows flee at your approach. (+LOS)
You can swim through water.
You cover ground slowly.
You can hop longer distances.
You have sharp fingernails.
You are partially covered in rugged brown scales. (AC +1, +3% HP)
You are very clumsy. (Dex -4)
Your flesh is very cold resistant. (rC++)
Armour fits poorly on your strangely shaped body.
You are frail. (-10% HP)
Your spells are a little easier to cast, but a little less powerful.
[You are dopey. (Int -2)]
[You sometimes yell uncontrollably at your foes.]


Message History

Evoke which item? (* to show all) (? for menu, Esc to quit)
Aiming: Corrosive Bolt
Press: ? - help, Shift-Dir - straight line, p - merfolk avatar The bolt of acid hits the eldritch tentacle.
The eldritch tentacle completely resists.
The eldritch tentacle is lightly damaged.
The bolt of acid misses the merfolk avatar.
The bolt of acid hits the starcursed mass.
The starcursed mass is splashed with acid.
You destroy the starcursed mass!
Trog accepts your kill.
You feel the corruption within you wane somewhat.
Your connection to magic feels less subdued.
This wand has 4 charges left.
You feel the effects of Trog's Hand fading.
The eldritch tentacle slaps you but does no damage.
You block the eldritch tentacle's attack.
The mad acolyte of Lugonu points at you and mumbles some strange words.
Something smites you!
You die...

# . . # . #. #
#.###. . # ## #..#
. ###.#. #.# .##..#
# ### #†#.. #
#≈#≈#≈##§#..#.F##.#
#'.pX§§§@§†.# .# #
#.#.#§§X§w#§##..#
##§§§§§/m§.§#
#.#§#§*─≈≈#§###
##'.§.§...§§§#
#≈#≈#≈##§#..# .
#### #####+ #


You could see 2 starcursed masses, an eldritch tentacle, a merfolk avatar and a
mad acolyte of Lugonu (invisible).

Vanquished Creatures
  Mennas (Vaults:3)
  2 profane servitors
  2 bone dragons
  5 liches
  Jorgrun (Vaults:3)
  8 tentacled monstrosities
  Rupert (D:13)
  5 titans (Vaults:5)
  A quicksilver dragon (Vaults:5)
  A sphinx (Vaults:5)
  3 Executioners
  Frances (Snake:1)
  13 tentacled starspawn
  8 shadow dragons
  5 storm dragons (Vaults:5)
  Donald (Swamp:1)
  2 daevas
  7 tengu reavers
  8 nagarajas
  Roxanne (Snake:1)
  6 frost giants
  Aizul (Snake:1)
  An orc warlord (Orc:2)
  2 cacodemons (Abyss:3)
  A fire giant (Vaults:5)
  3 deep elf sorcerers
  15 vault wardens
  A balrug (Abyss:1)
  A draconian shifter (Abyss:1)
  12 ironheart preservers
  2 war gargoyles (Vaults:5)
  14 very ugly things
  13 stone giants
  4 deep elf demonologists
  An entropy weaver (Vaults:4)
  A lorocyproca (Abyss:1)
  Azrael (D:14)
  A deep elf annihilator (Vaults:4)
  A purple draconian (Abyss:3)
  The ghost of emsyzz the Eclecticist, a journeyman DEFE of Kikubaaqudgha (Lair:6)
  Snorg (D:11)
  4 green deaths
  2 deep elf death magi (Vaults:3)
  A blizzard demon (Abyss:3)
  10 ettins
  3 fire dragons (Vaults:3)
  11 yaktaur captains
  3 rakshasas
  26 vault guards
  3 deep elf high priests (Vaults:5)
  Josephine (Lair:4)
  Harold (Lair:3)
  6 great orbs of eyes
  3 ice dragons
  16 hydras
  3 catoblepae
  18 naga warriors
  A ghost crab (Swamp:3)
  14 anacondas
  12 ogre magi
  A quicksilver dragon skeleton (Abyss:3)
  6 centaur warriors
  13 alligators
  3 death knights
  A hell hog (Abyss:3)
  5 death yaks
  A satyr (shapeshifter) (Vaults:3)
  2 vampire magi
  3 tengu warriors
  12 thrashing horrors
  A deep troll earth mage (Vaults:3)
  2 deep troll shamans (Depths:1)
  39 two-headed ogres
  An orc high priest (Orc:1)
  4 shock serpents
  14 naga sharpshooters
  6 salamander mystics
  A hell knight (Abyss:3)
  16 wretched stars
  2 deep elf knights
  A storm dragon zombie (Vaults:5)
  6 spatial maelstroms
  2 sixfirhies (Abyss:3)
  3 shadow wraiths
  A fire crab (Abyss:5)
  2 unseen horrors
  5 flayed ghosts
  3 spriggan druids
  5 deep elf archers
  4 glowing orange brains
  A glowing orange brain (shapeshifter) (Abyss:3)
  A phantasmal warrior (Vaults:5)
  24 ironbrand convokers
  6 naga ritualists
  11 deep trolls
  A shadow dragon zombie (Vaults:3)
  6 swamp dragons
  5 wizards
  3 lindwurms (Snake:4)
  3 necromancers
  3 shambling mangroves
  15 deep elf magi
  2 oklob plants (Lair:4)
  10 harpies
  9 cyclopes
  5 wolf spiders
  An iron dragon zombie (Vaults:5)
  4 orc sorcerers
  19 mana vipers
  18 orc knights
  3 manticores
  26 ugly things
  An elephant (Lair:5)
  A sphinx skeleton (Vaults:5)
  A frost giant skeleton (Vaults:3)
  3 worldbinders
  9 salamanders
  12 guardian serpents
  4 apocalypse crabs
  A stone giant skeleton (Abyss:2)
  A guardian serpent (shapeshifter) (Vaults:2)
  The ghost of Denreik the Fighter, a novice FoCK of Xom (D:5)
  47 black mambas
  A water nymph (Abyss:3)
  8 smoke demons
  13 vault sentinels
  A shock serpent skeleton (Abyss:1)
  6 orange demons
  24 spiny frogs
  3 gargoyles
  A torpor snail (shapeshifter) (Abyss:4)
  26 naga magi
  2 hellions (Abyss:3)
  A komodo dragon (shapeshifter) (Vaults:2)
  50 yaktaurs
  A kobold demonologist (D:14)
  4 rime drakes
  4 komodo dragons
  2 hellwings
  A tormentor (Abyss:5)
  7 freezing wraiths
  4 tengu conjurers
  A catoblepas skeleton (Abyss:4)
  An ice devil (Abyss:3)
  10 ancient zymes
  A silent spectre (Abyss:5)
  A merfolk (D:15)
  A polar bear (shapeshifter) (Vaults:4)
  16 trolls
  A tengu simulacrum (Vaults:3)
  A troll (shapeshifter) (Vaults:3)
  2 meliai (shapeshifter)
  A jumping spider (shapeshifter) (Vaults:2)
  15 polar bears
  15 hornets
  3 queen bees (shapeshifter)
  24 blink frogs
  7 tyrant leeches
  A sphinx simulacrum (Vaults:2)
  13 bog bodies
  A meliai zombie (D:12)
  A raiju (shapeshifter) (Abyss:3)
  54 slime creatures
  29 raiju
  Prince Ribbit (D:9)
  9 hippogriffs
  43 large abominations
  4 spriggans (Swamp:3)
  A stone giant simulacrum (Vaults:2)
  3 water elementals
  A redback (Vaults:4)
  7 shadows
  2 wyverns
  3 air elementals (Abyss:4)
  Sigmund (D:4)
  6 flying skulls (Abyss:3)
  A redback (shapeshifter) (Vaults:5)
  43 starcursed masses
  3 fire elementals (D:14)
  52 yaks
  A vampire (Abyss:3)
  8 ynoxinuls
  5 basilisks
  4 hogs (D:10)
  2 humans
  7 wraiths
  7 golden eyes (Abyss:3)
  A basilisk (shapeshifter) (Vaults:1)
  4 fire bats (Abyss:2)
  A human simulacrum (Vaults:4)
  8 vampire mosquitoes
  12 chaos spawn
  12 neqoxecs
  The ghost of cirnu the Chopper, an amateur DsGl (D:3)
  Grum (Lair:1)
  20 insubstantial wisps
  2 hungry ghosts (D:15)
  18 swamp worms
  4 spatial vortices
  4 wargs
  3 acid dragons
  55 nagas
  8 porcupines
  An acid dragon (shapeshifter) (Vaults:5)
  12 water moccasins
  A floating eye (shapeshifter) (Vaults:5)
  A soldier ant (shapeshifter) (Vaults:1)
  4 hell hounds (D:14)
  6 swamp drakes
  39 orc warriors
  A sky beast (Orc:1)
  4 black bears
  6 ice beasts
  6 phantoms
  A necrophage (D:7)
  42 ogres
  10 boggarts
  3 human skeletons
  An ice dragon simulacrum (Abyss:1)
  12 crocodiles
  5 eyes of draining
  21 centaurs
  23 wolves
  32 small abominations
  2 big kobolds
  An earth elemental (Abyss:4)
  21 bullfrogs
  A water moccasin zombie (D:6)
  A wyvern skeleton (D:13)
  6 scorpions
  5 killer bees (D:13)
  A spriggan skeleton (Abyss:1)
  A wight (Vaults:2)
  7 howler monkeys
  6 crimson imps
  A bullfrog zombie (D:12)
  7 quasits
  3 centaur zombies
  3 jellies
  6 hounds
  Crazy Yiuf (D:4)
  4 iron imps
  30 orc priests
  7 centaur skeletons
  3 iguanas
  23 orc wizards
  12 worker ants
  Terence (D:3)
  A hound zombie (D:5)
  17 gnolls
  3 howler monkey skeletons
  13 adders
  6 shadow imps
  A white imp (Abyss:3)
  4 ufetubi
  2 oozes
  2 adder zombies
  5 worms
  3 dart slugs
  6 leopard geckos
  63 orcs
  10 giant cockroaches
  5 hobgoblins
  13 jackals
  11 kobolds
  7 quokkas
  A ball python (D:3)
  10 bats
  6 frilled lizards
  9 goblins
  A leopard gecko skeleton (D:4)
  A leopard gecko zombie (D:5)
  6 rats
  2 bushes (Abyss:4)
  4 fungi
  7 plants
  9 starspawn tentacles
2057 creatures vanquished.

Vanquished Creatures (collateral kills)
  Bai Suzhen (Vaults:3)
  A tentacled monstrosity (Vaults:5)
  A titan (Vaults:5)
  3 tentacled starspawn
  A daeva (Abyss:3)
  A nagaraja (Snake:4)
  5 vault wardens
  An orc warlord (Orc:1)
  A deep elf sorcerer (Vaults:5)
  2 ironheart preservers
  3 very ugly things
  2 war gargoyles
  3 stone giants
  2 dire elephants
  An ettin (Vaults:4)
  A yellow draconian (Abyss:3)
  A dire elephant (shapeshifter) (Abyss:3)
  A green death (Abyss:3)
  A yaktaur captain (Vaults:3)
  3 naga warriors
  9 vault guards
  An ice dragon (Vaults:3)
  7 two-headed ogres
  2 hell hogs (Abyss:3)
  A deep troll earth mage (Vaults:3)
  A naga sharpshooter (Snake:4)
  A shock serpent (Snake:4)
  2 thrashing horrors (Abyss:3)
  2 deep elf knights (Vaults:4)
  2 deep trolls (Vaults:3)
  A wretched star (Abyss:3)
  2 deep elf archers (Vaults:4)
  An ironbrand convoker (Vaults:3)
  A lindwurm (Snake:4)
  2 oklob plants (Snake:3)
  A cyclops (Vaults:1)
  3 deep elf magi
  An ugly thing (Vaults:5)
  A wolf spider (Vaults:5)
  3 vault sentinels
  A guardian serpent (Snake:4)
  2 naga magi
  2 black mambas
  5 yaktaurs
  A freezing wraith (Vaults:1)
  An ice devil (Abyss:3)
  A hornet (shapeshifter) (Vaults:1)
  2 raiju (Abyss:3)
  3 large abominations (Abyss:3)
  7 starcursed masses (Abyss:3)
  A chaos spawn (Abyss:3)
  3 nagas (Snake:4)
  3 insubstantial wisps (Abyss:3)
  4 orc warriors
  2 ogres (Vaults:1)
  A small abomination (Abyss:3)
  An iron imp (Abyss:3)
  2 orcs
  5 starspawn tentacles
126 creatures vanquished.

Vanquished Creatures (others)
  An eldritch tentacle (Abyss:3)
  A very ugly thing (Abyss:5)
  2 yaktaur captains
  A centaur warrior (Vaults:4)
  A deep elf archer (Vaults:5)
  An ugly thing (Abyss:5)
  A manticore (Depths:1)
  11 yaktaurs
  An ancient zyme (Abyss:3)
  A warg (Vaults:3)
  An orc warrior (Vaults:2)
  A small abomination (Abyss:3)
  A necrophage (D:11)
  An orc priest (Orc:1)
  An orc (Vaults:4)
  2 fungi (Lair:4)
  A lurking horror (Abyss:3)
  6 plants
  45 starspawn tentacles
80 creatures vanquished.

Grand Total: 2263 creatures vanquished

Notes
Turn   | Place    | Note
-------+----------+-------------------------------------------
     0 | D:1      | Rrauwl the Barachi Berserker began the quest for the Orb.
     0 | D:1      | Reached XP level 1. HP: 18/18 MP: 1/1
    67 | D:1      | Reached XP level 2. HP: 10/25 MP: 2/2
   615 | D:1      | Reached XP level 3. HP: 29/30 MP: 3/3
   733 | D:1      | Reached skill level 4 in Long Blades
   912 | D:2      | Reached ** piety under Trog
  1222 | D:2      | Reached XP level 4. HP: 37/37 MP: 4/4
  1547 | D:3      | Reached skill level 1 in Slings
  1721 | D:3      | Noticed cirnu's ghost (amateur DsGl)
  1735 | D:3      | Killed cirnu's ghost
  1735 | D:3      | Reached XP level 5. HP: 36/43 MP: 5/5
  1859 | D:3      | Noticed Terence
  1872 | D:3      | Killed Terence
  1872 | D:3      | Reached XP level 6. HP: 50/50 MP: 6/6
  2073 | D:3      | Found an ancient bone altar of Kikubaaqudgha.
  2119 | D:3      | Noticed an ice beast
  2124 | D:3      | Reached skill level 5 in Fighting
  2130 | D:3      | Killed an ice beast
  2130 | D:3      | Reached skill level 5 in Long Blades
  2339 | D:3      | Found a bloodstained altar of Trog.
  2400 | D:4      | Noticed a phantom
  2426 | D:4      | Killed a phantom
  2490 | D:4      | Reached *** piety under Trog
  2506 | D:4      | Reached XP level 7. HP: 55/56 MP: 7/7
  2660 | D:4      | Noticed Sigmund
  2668 | D:4      | Killed Sigmund
  2668 | D:4      | Reached skill level 5 in Armour
  2962 | D:4      | Reached skill level 6 in Long Blades
  3038 | D:4      | Reached XP level 8. HP: 65/65 MP: 8/8
  3125 | D:4      | Found a runed door.
  3131 | D:4      | Noticed Crazy Yiuf
  3134 | D:4      | Killed Crazy Yiuf
  3196 | D:5      | Entered Level 5 of the Dungeon
  3288 | D:5      | Noticed Denreik's ghost (novice FoCK)
  3552 | D:5      | Killed Denreik's ghost
  3552 | D:5      | Reached skill level 7 in Long Blades
  3552 | D:5      | Reached skill level 5 in Slings
  4092 | D:5      | Reached **** piety under Trog
  4318 | D:6      | Reached XP level 9. HP: 69/72 MP: 9/9
  4463 | D:6      | Found a shimmering altar of Xom.
  4485 | D:6      | Found a glowing golden altar of the Shining One.
  5221 | D:7      | Reached skill level 8 in Long Blades
  5342 | D:7      | Found a staircase to the Ecumenical Temple.
  5352 | D:7      | Reached ***** piety under Trog
  5487 | Temple   | Entered the Ecumenical Temple
  5814 | D:7      | Found a stormy altar of Qazlal.
  5859 | D:8      | Noticed a two-headed ogre
  5866 | D:8      | Killed a two-headed ogre
  5866 | D:8      | Received a gift from Trog
  5925 | D:8      | Reached skill level 9 in Long Blades
  5978 | D:8      | Reached XP level 10. HP: 82/82 MP: 10/10
  6048 | D:8      | Found a deep blue altar of Sif Muna.
  6218 | D:8      | Noticed a two-headed ogre
  6225 | D:8      | Killed a two-headed ogre
  6377 | D:8      | Noticed a two-headed ogre
  6386 | D:8      | Killed a two-headed ogre
  6807 | D:9      | Noticed Prince Ribbit
  6900 | D:9      | Killed Prince Ribbit
  7046 | D:9      | Reached skill level 10 in Long Blades
  7061 | D:9      | Reached skill level 10 in Fighting
  7111 | D:9      | Found a radiant altar of Vehumet.
  7318 | D:9      | Noticed a two-headed ogre
  7331 | D:9      | Killed a two-headed ogre
  7331 | D:9      | Received a gift from Trog
  7331 | D:9      | Reached skill level 10 in Armour
  7331 | D:9      | Reached XP level 11. HP: 85/92 MP: 11/11
  7353 | D:9      | Found an opulent altar of Gozag.
  7424 | D:9      | Found a staircase to the Lair.
  7948 | D:9      | Got a pitted great sword
  7967 | D:9      | Identified the cursed +1 great sword of the Foot {pain, Int+6 Dex+3} (You found it on level 9 of the Dungeon)
  7995 | Lair:1   | Entered Level 1 of the Lair of Beasts
  8260 | Lair:1   | Reached skill level 1 in Evocations
  8439 | Lair:1   | Noticed Grum
  8451 | Lair:1   | Killed Grum
  8578 | Lair:1   | Received a gift from Trog
  8578 | Lair:1   | Reached skill level 11 in Long Blades
  8895 | D:10     | Entered Level 10 of the Dungeon
  9040 | D:9      | Got a transparent ring mail
  9058 | D:9      | Identified the +2 ring mail of the Monkey's Uncle {-Tele +Fly Dex+6} (You found it on level 9 of the Dungeon)
  9519 | D:10     | Found Dosmawn's General Store.
  9923 | D:10     | Noticed a two-headed ogre
  9928 | D:10     | Killed a two-headed ogre
  9928 | D:10     | Reached XP level 12. HP: 100/100 MP: 13/15
  9975 | D:10     | Received a gift from Trog
 10091 | D:11     | Found a staircase to the Orcish Mines.
 10118 | D:11     | Noticed an eight-headed hydra
 10445 | D:11     | Noticed Snorg
 10453 | D:11     | Killed Snorg
 10535 | D:11     | Received a gift from Trog
 10615 | D:12     | Noticed a two-headed ogre
 10632 | D:12     | Killed a two-headed ogre
 10632 | D:12     | Reached skill level 5 in Evocations
 10684 | D:12     | Noticed a two-headed ogre
 10694 | D:12     | Killed a two-headed ogre
 10724 | D:12     | Noticed a catoblepas
 10741 | D:12     | Killed a catoblepas
 10940 | D:12     | Reached skill level 12 in Long Blades
 10946 | D:12     | Found a blossoming altar of Fedhas.
 11131 | D:13     | Reached skill level 10 in Slings
 11321 | D:13     | Noticed a tengu warrior
 11354 | D:13     | Killed a tengu warrior
 11436 | D:13     | Noticed Rupert
 11447 | D:13     | Killed Rupert
 11447 | D:13     | Reached skill level 5 in Dodging
 11447 | D:13     | Gained mutation: You can hop longer distances. [Barachi growth]
 11447 | D:13     | Reached XP level 13. HP: 84/108 MP: 17/17
 11558 | D:13     | Gained mutation: You are partially covered in rugged brown scales. (AC +1, +3% HP) [mutagenic meat]
 11559 | D:13     | Gained mutation: [You are dopey. (Int -2)] [mutagenic meat]
 11560 | D:13     | Gained mutation: You have sharp fingernails. [mutagenic meat]
 12171 | D:14     | Noticed a vault guard
 12221 | D:14     | Killed a vault guard
 12240 | D:14     | Noticed a vault guard
 12270 | D:14     | Killed a vault guard
 12270 | D:14     | Reached skill level 5 in Shields
 12366 | D:14     | Received a gift from Trog
 12518 | D:14     | Received a gift from Trog
 12606 | D:14     | Reached ****** piety under Trog
 12757 | D:14     | Noticed Azrael
 12779 | D:14     | Killed Azrael
 12849 | D:14     | Noticed a vault guard
 12901 | D:14     | Killed a vault guard
 12933 | D:14     | Found a gate to the Vaults.
 12934 | D:14     | Noticed a vault guard
 12948 | D:14     | Killed a vault guard
 12954 | D:14     | Reached skill level 10 in Shields
 13054 | D:14     | Found Elisouju's Food Boutique.
 13150 | D:14     | Reached XP level 14. HP: 111/118 MP: 7/19
 13599 | D:15     | Entered Level 15 of the Dungeon
 13599 | D:15     | Found a bloodstained altar of Trog.
 13737 | D:15     | Received a gift from Trog
 14234 | D:15     | Noticed a dire elephant
 14257 | D:15     | Killed a dire elephant
 14330 | D:15     | Found a staircase to the Depths.
 14457 | D:15     | Got a polished war axe
 14458 | D:15     | Identified the +7 war axe of Vurey {flame, rN++ Stlth+} (You found it on level 15 of the Dungeon)
 14759 | D:11     | Received a gift from Trog
 15241 | Lair:2   | Found a staircase to the Swamp.
 15295 | Lair:2   | Reached skill level 13 in Long Blades
 15884 | Lair:3   | Found a staircase to the Snake Pit.
 16047 | Lair:3   | Noticed Harold
 16066 | Lair:3   | Killed Harold
 16211 | Lair:3   | Reached XP level 15. HP: 107/124 MP: 20/20
 16342 | Lair:3   | Reached skill level 14 in Long Blades
 17264 | Lair:4   | Received a gift from Trog
 17273 | Lair:4   | Reached skill level 15 in Long Blades
 17526 | Lair:4   | Noticed Josephine
 17549 | Lair:4   | Killed Josephine
 17809 | Lair:5   | Lost mutation: [You are dopey. (Int -2)] [potion of mutation]
 17809 | Lair:5   | Lost mutation: You are partially covered in rugged brown scales. (AC +1, +3% HP) [potion of mutation]
 17809 | Lair:5   | Lost mutation: You have sharp fingernails. [potion of mutation]
 17809 | Lair:5   | Gained mutation: You are frail. (-10% HP) [potion of mutation]
 17809 | Lair:5   | Gained mutation: Scrolls take you a little longer to read. [potion of mutation]
 17809 | Lair:5   | Gained mutation: You have sharp toenails. [potion of mutation]
 17951 | Lair:5   | Received a gift from Trog
 18095 | Lair:5   | Found a staircase to the Slime Pits.
 18096 | Lair:5   | Found a viscous altar of Jiyva.
 18111 | Lair:5   | Reached skill level 16 in Long Blades
 19094 | Lair:6   | Entered Level 6 of the Lair of Beasts
 19613 | Lair:6   | Noticed emsyzz's ghost (journeyman DEFE)
 19619 | Lair:6   | Killed emsyzz's ghost
 19932 | Orc:1    | Entered Level 1 of the Orcish Mines
 20085 | Orc:1    | Noticed an orc warlord
 20100 | Orc:1    | Killed an orc warlord
 20100 | Orc:1    | Reached skill level 17 in Long Blades
 20309 | Orc:1    | Received a gift from Trog
 20569 | Orc:2    | Entered Level 2 of the Orcish Mines
 20587 | Orc:2    | Found a frozen archway.
 20599 | IceCv    | Entered an ice cave
 20867 | IceCv    | Received a gift from Trog
 21146 | IceCv    | Noticed a frost giant
 21166 | IceCv    | Killed a frost giant
 21169 | IceCv    | Reached XP level 16. HP: 106/114 MP: 22/22
 21323 | IceCv    | Identified Serphya's Incunabulum of Evil Transformation
 21447 | Orc:2    | Found a staircase to the Elven Halls.
 21464 | Orc:2    | Found Ymoheq's Armour Emporium.
 21573 | Orc:2    | Received a gift from Trog
 21887 | Orc:2    | Found Jovvimo's Antique Weapon Boutique.
 21912 | Orc:2    | Found Pusiw's Assorted Antiques.
 21927 | Orc:2    | Found Iskiethra's Food Boutique.
 21937 | Orc:2    | Bought a scroll labeled VIPLASHAGUO for 32 gold pieces
 21937 | Orc:2    | Bought a scroll of enchant weapon for 240 gold pieces
 22088 | Orc:2    | Reached skill level 10 in Evocations
 22099 | Orc:2    | Reached skill level 10 in Dodging
 22169 | Orc:2    | Found Tyxkabb's Assorted Antiques.
 22182 | Orc:2    | Bought a potion of mutation for 232 gold pieces
 22182 | Orc:2    | Lost mutation: You are frail. (-10% HP) [potion of mutation]
 22182 | Orc:2    | Lost mutation: Scrolls take you a little longer to read. [potion of mutation]
 22182 | Orc:2    | Lost mutation: You have sharp toenails. [potion of mutation]
 22182 | Orc:2    | Gained mutation: Your mind is acute. (Int +2) [potion of mutation]
 22182 | Orc:2    | Lost mutation: Your mind is acute. (Int +2) [potion of mutation]
 22182 | Orc:2    | Gained mutation: Your mind is acute. (Int +2) [potion of mutation]
 22182 | Orc:2    | Gained mutation: Your flesh is cold resistant. (rC+) [potion of mutation]
 22502 | Orc:2    | Bought the +4 leather armour "Cuocox" {rPois Regen+} for 431 gold pieces
 22685 | Swamp:1  | Entered Level 1 of the Swamp
 22798 | Swamp:1  | Noticed Donald
 22817 | Swamp:1  | Killed Donald
 23269 | Swamp:1  | Reached skill level 18 in Long Blades
 24604 | Swamp:3  | Received a gift from Trog
 25121 | Swamp:3  | Reached XP level 17. HP: 137/137 MP: 24/24
 25416 | Swamp:3  | Identified a scroll of acquirement
 25501 | Swamp:3  | Paralysed by a hornet for 1 turns
 25998 | Swamp:4  | Entered Level 4 of the Swamp
 26200 | Swamp:4  | Received a gift from Trog
 26709 | Swamp:4  | Noticed a tentacled monstrosity
 26729 | Swamp:4  | Killed a tentacled monstrosity
 27046 | Swamp:4  | Got a decaying rune of Zot
 27075 | Swamp:4  | Received a gift from Trog
 27075 | Swamp:4  | Reached skill level 15 in Fighting
 27558 | Snake:1  | Entered Level 1 of the Snake Pit
 27589 | Snake:1  | Noticed Frances
 27609 | Snake:1  | Killed Frances
 27668 | Snake:1  | Noticed Aizul
 27683 | Snake:1  | Killed Aizul
 27972 | Snake:1  | Received a gift from Trog
 28404 | Snake:1  | Received a gift from Trog
 28668 | Snake:1  | Noticed Roxanne
 28687 | Snake:1  | Killed Roxanne
 28687 | Snake:1  | Reached XP level 18. HP: 93/151 MP: 25/25
 28738 | Snake:1  | Received a gift from Trog
 29090 | Snake:2  | Found Xunwud's Antique Armour Shop.
 29274 | Snake:2  | Received a gift from Trog
 29840 | Snake:3  | Received a gift from Trog
 30085 | Snake:3  | Got an ancient war axe
 30086 | Snake:3  | Identified the +6 war axe of Responsibility {speed, Str-3 Int+9} (You found it on level 3 of the Snake Pit)
 30161 | Snake:3  | Received a gift from Trog
 31122 | Snake:4  | Entered Level 4 of the Snake Pit
 31283 | Snake:4  | Gained mutation: You have sharp fingernails. [mutagenic meat]
 31284 | Snake:4  | Gained mutation: You are partially covered in rugged brown scales. (AC +1, +3% HP) [mutagenic meat]
 31398 | Snake:4  | Got a distressingly furry hat
 31409 | Snake:4  | Identified the +2 hat of Geumecs {rPois Int+4} (You acquired it on level 4 of the Snake Pit)
 31902 | Snake:4  | Received a gift from Trog
 32371 | Snake:4  | Reached XP level 19. HP: 165/165 MP: 26/26
 32565 | Snake:4  | Found Guxtuhomyt's Gadget Emporium.
 32566 | Snake:4  | Found Ikij's Jewellery Boutique.
 32685 | Snake:4  | Found Ytzegesu's Gadget Emporium.
 32696 | Snake:4  | Bought a cursed -5 ring of evasion for 30 gold pieces
 32703 | Snake:4  | Bought the amulet "Punutec" {Regen+ Dex+5 Stlth+} for 754 gold pieces
 33021 | Snake:4  | Received a gift from Trog
 33167 | Snake:4  | Reached skill level 15 in Slings
 33367 | Snake:4  | Reached skill level 15 in Shields
 33383 | Snake:4  | Received a gift from Trog
 33458 | Snake:4  | Got a faintly glowing iron ring
 33460 | Snake:4  | Identified the cursed ring of Udycvier {Str+3 Int+2 Dex-3} (You found it on level 4 of the Snake Pit)
 34044 | Snake:4  | Got a serpentine rune of Zot
 34420 | Vaults:1 | Entered Level 1 of the Vaults
 34430 | Vaults:1 | Found Nupseuk's Distillery.
 34436 | Vaults:1 | Bought a potion of heal wounds for 65 gold pieces
 34436 | Vaults:1 | Bought a potion of heal wounds for 65 gold pieces
 34436 | Vaults:1 | Bought a potion of heal wounds for 65 gold pieces
 34577 | Vaults:1 | Received a gift from Trog
 34811 | Vaults:1 | Received a gift from Trog
 35613 | Vaults:1 | Received a gift from Trog
 35619 | Vaults:1 | Reached skill level 15 in Armour
 36026 | Vaults:2 | Reached XP level 20. HP: 167/173 MP: 29/29
 36259 | Vaults:2 | Received a gift from Trog
 36533 | Vaults:2 | Reached skill level 19 in Long Blades
 36555 | Vaults:2 | Received a gift from Trog
 36966 | Vaults:2 | Reached skill level 20 in Long Blades
 37172 | Vaults:2 | Found a staircase to the Crypt.
 37547 | Vaults:3 | Received a gift from Trog
 37563 | Vaults:3 | Noticed Bai Suzhen
 37579 | Vaults:3 | Killed Bai Suzhen
 37687 | Vaults:3 | Received a gift from Trog
 37956 | Vaults:3 | Noticed Mennas
 38017 | Vaults:3 | Killed Mennas
 38017 | Vaults:3 | Reached skill level 21 in Long Blades
 38102 | Vaults:3 | Cast into level 2 of the Abyss (a deep elf sorcerer)
 38271 | Abyss:2  | Received a gift from Trog
 38317 | Abyss:2  | Noticed a profane servitor
 38336 | Abyss:2  | Killed a profane servitor
 38339 | Abyss:2  | Reached XP level 21. HP: 179/179 MP: 30/30
 38430 | Vaults:3 | Escaped the Abyss
 38458 | Vaults:3 | Reached skill level 22 in Long Blades
 38847 | Vaults:3 | Noticed Jorgrun
 38864 | Vaults:3 | Killed Jorgrun
 39292 | Vaults:3 | Received a gift from Trog
 39915 | Vaults:3 | Received a gift from Trog
 39921 | Vaults:3 | Got a jewelled hunting sling {god gift}
 39922 | Vaults:3 | Identified the +8 hunting sling of Outrage {freeze, Int+5 Dex-5} (Trog gifted it to you on level 3 of the Vaults)
 39932 | Vaults:3 | Got a crude tin ring
 39934 | Vaults:3 | Identified the ring of Xom's Bemusement {Str+4 Int+4} (You found it on level 3 of the Vaults)
 41463 | Vaults:4 | Received a gift from Trog
 41477 | Vaults:4 | Received a gift from Trog
 41481 | Vaults:4 | Reached XP level 22. HP: 40/187 MP: 31/31
 41637 | Vaults:4 | Found a flickering gateway to a bazaar.
 41651 | Bazaar   | Entered a bazaar
 41663 | Bazaar   | Found Vusiuhut's Assorted Antiques.
 41664 | Bazaar   | Found Vuojy's Antique Weapon Shoppe.
 41699 | Bazaar   | Found Deumn's Assorted Antiques.
 41700 | Bazaar   | Found Nagedeho's Magic Scroll Emporium.
 41706 | Bazaar   | Bought a scroll of enchant armour for 112 gold pieces
 41706 | Bazaar   | Bought a scroll of enchant armour for 112 gold pieces
 41718 | Bazaar   | Bought a scroll of enchant armour for 165 gold pieces
 41742 | Bazaar   | Bought a pair of ichor-stained boots for 323 gold pieces
 41752 | Bazaar   | Identified the cursed +0 pair of boots of the Shining One's Whim {+Fly Dex+2} (You bought it in a shop in a bazaar)
 41756 | Bazaar   | Got a spiked helmet
 41767 | Bazaar   | Identified the +0 helmet of Responsibility {+Inv Str+4} (You acquired it in a bazaar)
 41792 | Bazaar   | Bought a smoking scimitar for 279 gold pieces
 41793 | Bazaar   | Identified the +6 scimitar of Zyzximie {freeze, Int-2 Dex+4 SInv} (You bought it in a shop in a bazaar)
 42484 | Vaults:4 | Received a gift from Trog
 42572 | Vaults:5 | Entered Level 5 of the Vaults
 42655 | Vaults:5 | Cast into level 3 of the Abyss (a deep elf demonologist)
 43096 | Abyss:5  | Entered Level 5 of the Abyss
 43216 | Abyss:5  | Received a gift from Trog
 43264 | Abyss:5  | Reached skill level 15 in Dodging
 43358 | Vaults:5 | Escaped the Abyss
 43430 | Vaults:5 | Received a gift from Trog
 43565 | Vaults:5 | Found Sivod's Magic Scroll Shop.
 43586 | Vaults:5 | Bought a scroll of torment for 165 gold pieces
 43782 | Vaults:5 | Received a gift from Trog
 43923 | Vaults:5 | Reached XP level 23. HP: 171/195 MP: 32/32
 44560 | Vaults:5 | Reached skill level 15 in Evocations
 44968 | Vaults:5 | Received a gift from Trog
 44972 | Vaults:5 | Got a dazzling fustibalus
 44972 | Vaults:5 | Got a steaming robe
 45298 | Lair:1   | Identified the +2 fustibalus "Aterounn" {flame, rN++ Str+4 Int-4} (You took it off a vault sentinel on level 5 of the Vaults)
 45310 | Lair:1   | Identified the +0 robe of the Illusory Ghosts {+Inv MR+ Str+4} (You took it off a yaktaur on level 5 of the Vaults)
 45694 | Vaults:5 | Got a silver rune of Zot
 45849 | Vaults:5 | Got a distressingly furry chain mail
 45850 | Vaults:5 | Identified the +10 chain mail "Eprisa" {rElec Dex+3} (You found it on level 5 of the Vaults)
 46103 | Vaults:5 | Received a gift from Trog
 46766 | Vaults:2 | Reached XP level 24. HP: 202/202 MP: 35/35
 47113 | Depths:1 | Entered Level 1 of the Depths
 47305 | Depths:1 | Received a gift from Trog
 47349 | Depths:1 | Found Luawkio's Weapon Shoppe.
 47415 | Depths:1 | Received a gift from Trog
 47720 | Depths:1 | Found a one-way gate to the infinite horrors of the Abyss.
 48016 | Depths:1 | Found a gateway to Hell.
 48188 | Depths:1 | Voluntarily entered the Abyss.
 48719 | Abyss:1  | Paralysed by a great orb of eyes for 5 turns
 48786 | Abyss:1  | Received a gift from Trog
 48937 | Abyss:3  | Found a corrupted altar of Lugonu.
 49009 | Abyss:3  | Gained mutation: You are clumsy. (Dex -2) [a neqoxec]
 49011 | Abyss:3  | Gained mutation: You are very clumsy. (Dex -4) [a neqoxec]
 49135 | Abyss:3  | Received a gift from Trog
 49255 | Abyss:3  | Found a corrupted altar of Lugonu.
 49542 | Abyss:3  | Found a corrupted altar of Lugonu.
 49737 | Abyss:3  | Received a gift from Trog
 49843 | Abyss:3  | Lost mutation: Your mind is acute. (Int +2) [a neqoxec]
 50079 | Abyss:3  | Paralysed by accursed screaming for 1 turns
 50081 | Abyss:3  | Received a gift from Trog
 50175 | Abyss:3  | Received a gift from Trog
 50256 | Abyss:3  | Paralysed by a great orb of eyes for 7 turns
 50314 | Abyss:3  | Reached XP level 25. HP: 75/220 MP: 15/35
 50337 | Abyss:3  | Received a gift from Trog
 50439 | Abyss:3  | Received a gift from Trog
 50452 | Abyss:3  | Gained mutation: You are frail. (-10% HP) [a neqoxec]
 50646 | Abyss:3  | Received a gift from Trog
 50770 | Abyss:3  | Reached skill level 23 in Long Blades
 50799 | Abyss:3  | Got a bloodstained large shield
 50821 | Abyss:3  | Identified the cursed +0 large shield "Reff" {rPois rF++ rC+ Str-5} (You took it off a daeva on level 3 of the Abyss)
 50825 | Abyss:3  | Gained mutation: Your spells are a little easier to cast, but a little less powerful. [a neqoxec]
 50966 | Abyss:3  | Received a gift from Trog
 50990 | Abyss:3  | Gained mutation: Armour fits poorly on your strangely shaped body. [a cacodemon]
 51071 | Abyss:3  | Gained mutation: Your flesh is very cold resistant. (rC++) [a neqoxec]
 51188 | Abyss:3  | Received a gift from Trog
 51378 | Abyss:3  | Found a corrupted altar of Lugonu.
 51416 | Abyss:3  | Reached skill level 24 in Long Blades
 51416 | Abyss:3  | Paralysed by accursed screaming for 2 turns
 51424 | Abyss:3  | HP: 5/199 [starcursed mass/accursed screaming (7)]
 51427 | Abyss:3  | Killed from afar by a mad acolyte of Lugonu

Vault maps used:
D:1:      dpeg_arrival_pond, minmay_surrounded
D:3:      lemuel_doored_altar, first_bread, bloody_trog, uniq_terence
D:4:      uniq_sigmund, uniq_crazy_yiuf_cottage
D:5:      serial_park_tiny_1, kennysheep_another_room, kennysheep_boxes
D:6:      lemuel_crystal_altar, tso_altar, minmay_unpleasant_kobolds
D:7:      lemuel_coloured_pillars_altar, temple_pool_b, serial_bayou_pond_e
D:8:      nicolae_overflow_crystal_walls
D:9:      minmay_weird_star, lemuel_round_altar, grunt_lair_entry_orc_guard_hut,
          basic_altar, uniq_prince_ribbit1
D:10:     serial_shops, nicolae_shop_waterfront, grunt_livestock
D:11:     orc_0_dummy, uniq_snorg
D:12:     minivault_22, fedhas_altar_fruit_tree
D:13:     minivault_26, uniq_rupert
D:14:     grunt_vaults_entry_fortified, serial_shops, shop,
          hangedman_abyss_or_decor_clamps, uniq_azrael
D:15:     hangedman_depths_entry_try_elsewhere_first, lemuel_crystal_altar
Temple:   nicolae_temple_elliptical
Lair:1:   serial_bayou_pond_a, st_stairs_10, cheibrodos_lair_lostbears,
          lemuel_fruit_fields, uniq_grum
Lair:2:   swamp_mist_pool
Lair:3:   guppyfry_snake_entry_island, beast_lair_carwin_11, uniq_harold
Lair:4:   grunt_megastairs_1, minmay_lair_oklob_chamber, uniq_josephine
Lair:5:   slime_altar_1, beast_lair_carwin_7
Lair:6:   due_jungle_book
Swamp:1:  nicolae_swamp_round_clearing, uniq_donald
Swamp:2:  hangedman_swamp_blocks
Swamp:3:  evilmike_swamp_ruin_house_3, swamp_pool5
Swamp:4:  swamp_vile
Snake:1:  uniq_aizul, uniq_roxanne, uniq_frances
Snake:2:  serial_shops, shop, serial_bayou_shore_b
Snake:3:  dpeg_oklob_gauntlet, serial_bayou_shore_b
Snake:4:  snake_pit_salamanders_mu, minmay_shop_grove
Orc:1:    elf_legates
Orc:2:    st_orc_open, serial_shops, shop, portal_ice_cave_entry_pillars_2,
          lemuel_statue_altar
Vaults:1: vaults_dpeg_doors, nicolae_vaults_little_squares_5,
          nicolae_vaults_angled_halls, nicolae_vaults_ring_of_whatevers,
          ontoclasm_vaults_idyll, serial_shops, shop
Vaults:2: ontoclasm_vaults_ring_small, blue_anna_dwarven_crypt,
          hangedman_vaults_river_flow, nicolae_vaults_little_squares_6,
          vaults_mumra_minichess_inversion, vaults_room_large_hall, v_misc_11,
          vaults_room_grunt_arrival_checkpoint
Vaults:3: nicolae_vaults_disjoint_gnomons, nicolae_vaults_branching_niches,
          grunt_vaults_trifunnel, v_rooms_2, ontoclasm_vaults_decontamination,
          vaults_mumra_hexcomb, grunt_vaults_hallway_short,
          ontoclasm_vaults_claustrophobia, vaults_room_pools,
          nicolae_vaults_circle_grid_a, vaults_dpeg_cross, uniq_mennas,
          uniq_bai_suzhen, uniq_jorgrun
Vaults:4: v_misc_11, v_misc_2, vaults_standard_mumra_lines,
          nicolae_vaults_little_ls, vaults_dpeg_encased_lava,
          hangedman_vaults_stagger, nicolae_vaults_little_squares_3,
          vaults_room_stairs_pillars, nicolae_vaults_octagons,
          vaults_dpeg_diagonal, hangedman_vaults_trim,
          vaults_mumra_chevron_long, serial_shops, bzr_entry_islet
Vaults:5: serial_shops
Depths:1: grunt_hell_entry_dis_mu, serial_shops, nicolae_shop_behind_doors,
          minmay_hedge_maze, abyss_entry, hangedman_abyss_or_decor_stagger,
          minmay_misc_feat_plants, hangedman_abyss_or_decor_stabs,
          lightli_minifort
Abyss:2:  evilmike_abyss_exit_16
Abyss:3:  evilmike_abyss_rune_siren_acolytes
Abyss:4:  evilmike_abyss_exit_plants, minivault_13
Abyss:5:  evilmike_abyss_exit_7, minivault_1,
          dshaligram_kb_abyss_rune_zappy_water_cross, lemuel_flamethrower_2
Bazaar:   grunt_bazaar_doublecross
IceCv:    ice_cave_caverns_03

Skill      XL: |  1  2  3  4  5  6  7  8  9 10 11 12 13 14 15 16 17 18 19 20 21 22 23 24 25 |
---------------+----------------------------------------------------------------------------+-----
Fighting       | 4 5 6 7 8 10 11 12 13 15 17 18 21 | 21.0
Long Blades    | 4 5 6 7 9 10 11 12 13 17 18 21 22 24 | 24.0
Dodging        | 3 5 7 8 10 11 12 16 17 | 17.0
Armour         | 3 4 5 6 8 10 11 12 13 15 18 19 20 | 20.0
Slings         | 2 3 4 5 6 8 9 10 11 13 14 15 | 15.0
Evocations     | 4 6 7 8 10 12 16 | 16.0
Shields        | 2 10 14 15 16 | 16.0

Action                   |  1- 3 |  4- 6 |  7- 9 | 10-12 | 13-15 | 16-18 | 19-21 | 22-24 | 25-27 || total
-------------------------+-------+-------+-------+-------+-------+-------+-------+-------+-------++-------
Melee: Falchion          |    39 |   123 |   324 |   138 |       |       |       |       |       ||   624
       Great sword       |       |       |       |   230 |       |       |       |       |       ||   230
       Long sword        |       |       |       |    94 |  1005 |  1129 |   985 |   687 |       ||  3900
       Flail             |       |       |       |    48 |       |       |       |       |       ||    48
       Scimitar          |       |       |       |       |    26 |     2 |       |       |       ||    28
       Eudemon blade     |       |       |       |       |       |    71 |   176 |   614 |   419 ||  1280
       Double sword      |       |       |       |       |       |    14 |       |       |       ||    14
       Hunting sling     |       |       |       |       |       |       |     1 |       |       ||     1
 Fire: Hunting sling     |    40 |    20 |    73 |   168 |   595 |   931 |   854 |   650 |    14 ||  3345
Throw: Tomahawk          |       |       |       |     1 |       |       |       |       |       ||     1
Invok: Berserk           |       |     2 |     8 |    16 |    18 |    21 |     6 |     5 |       ||    76
       Burn Spellbooks   |       |     1 |     1 |     1 |     3 |     6 |     1 |     5 |       ||    18
       Brothers in Arms  |       |       |       |       |     2 |     6 |    12 |    22 |     3 ||    45
       Trog's Hand       |       |       |       |       |     1 |     1 |     7 |    18 |     4 ||    31
 Abil: Hop               |       |       |     1 |     3 |     1 |     6 |     1 |     2 |       ||    14
       Evoke Flight      |       |       |       |     3 |       |       |       |       |       ||     3
       Stop Flying       |       |       |       |     1 |       |       |       |       |       ||     1
Evoke: Wand              |       |       |       |     4 |     1 |     5 |     5 |    11 |     6 ||    32
       Lamp of fire      |       |       |       |       |       |       |       |     1 |     1 ||     2
       Box of beasts     |       |       |       |       |       |       |       |     1 |       ||     1
  Use: Potion            |       |     1 |     5 |     5 |     4 |     4 |    14 |    10 |     1 ||    44
       Scroll            |       |     2 |    13 |     6 |    15 |    14 |     8 |    22 |     4 ||    84
 Stab: Petrified         |       |       |       |       |     4 |       |       |       |       ||     4
       Distracted        |       |       |       |       |     1 |     1 |     1 |     2 |     1 ||     6
       Petrifying        |       |       |       |       |       |       |       |     2 |       ||     2
  Eat: Chunk             |     1 |     7 |    14 |    30 |    37 |    26 |    27 |    10 |     5 ||   157
       Fruit             |       |       |     3 |     2 |    14 |     4 |     3 |     1 |       ||    27
       Royal jelly       |       |       |     2 |     1 |     1 |     7 |     1 |     3 |       ||    15
       Meat ration       |       |       |       |       |     1 |     4 |     3 |     3 |       ||    11
       Bread ration      |       |       |       |       |       |       |       |     5 |       ||     5
Armor: Animal skin       |     4 |       |       |       |       |       |       |       |       ||     4
       Ring mail         |     6 |       |       |       |       |       |       |       |       ||     6
       Plate armour      |    12 |    72 |   237 |   379 |   375 |   125 |   381 |   168 |       ||  1749
       Scale mail        |     6 |       |       |       |       |       |       |       |       ||     6
       Troll leather arm |       |       |       |    57 |    19 |       |       |       |       ||    76
       Leather armour    |       |       |       |       |       |   203 |       |       |       ||   203
       Chain mail        |       |       |       |       |       |       |       |   154 |    59 ||   213
Dodge: Dodged            |    31 |    33 |   155 |   264 |   260 |   562 |   432 |   434 |   129 ||  2300
Block: Buckler           |       |       |       |     1 |   320 |   457 |    35 |       |       ||   813
       Shield            |       |       |       |       |       |       |   439 |       |       ||   439
       Large shield      |       |       |       |       |       |       |   350 |  1286 |   360 ||  1996
       Reflection        |       |       |       |       |       |       |    42 |    83 |     3 ||   128
       Rpst.: Falchion   |     7 |     8 |    47 |    20 |       |       |       |       |       ||    82
       Great sword       |       |       |       |    38 |       |       |       |       |       ||    38
       Long sword        |       |       |       |    10 |    67 |    99 |    67 |    32 |       ||   275
       Scimitar          |       |       |       |       |     1 |       |       |       |       ||     1
       Eudemon blade     |       |       |       |       |       |    16 |    10 |    22 |    26 ||    74
       Double sword      |       |       |       |       |       |     3 |       |       |       ||     3
